 Dungeon Crawl Stone Soup version 0.28-a0-662-g1651b1f1e0 (webtiles) character file.

Game seed: 858929840096282785

2 cheechan the Ducker (level 1, 0/14 HPs)
             Began as an Octopode Gladiator on Oct 14, 2021.
             Slain by a hobgoblin (5 damage)
             ... on level 1 of the Dungeon.
             The game lasted 00:00:14 (40 turns).

cheechan the Ducker (Octopode Gladiator)              Turns: 40, Time: 00:00:14

Health: 0/14       AC:  1    Str: 13    XL:     1   Next: 40%
Magic:  1/1        EV: 13    Int: 10    God:
Gold:   6          SH:  0    Dex: 13    Spells: 0/0 levels left

rFire   . . .      SeeInvis .   a - +0 flail
rCold   . . .      Faith    .   (no shield)
rNeg    . . .      Spirit   .   b - +0 hat
rPois   .          Reflect  .   (no amulet)
rElec   .          Harm     .   (no ring)
rCorr   .          Rampage  .   (no ring)
Will    .....                   (no ring)
Stlth   ++........              (no ring)
HPRegen 0.04/turn               (no ring)
MPRegen 0.07/turn               (no ring)
                                (no ring)
                                (no ring)

@: no status effects
A: almost no armour, amphibious, 8 rings, camouflage 1, gelatinous body 1,
(nimble swimmer 1), tentacles
a: no special abilities


You were on level 1 of the Dungeon.
You visited 1 branch of the dungeon, and saw 1 of its levels.

You collected 6 gold pieces.

Inventory:

Hand Weapons
 a - a +0 flail (weapon)
Missiles
 c - 3 throwing nets (quivered)
 d - 25 arrows
Armour
 b - a +0 hat (worn)


   Skills:
 + Level 2.1 Fighting
 + Level 3.0 Maces & Flails
 + Level 2.0 Throwing
 + Level 3.0 Dodging


You couldn't memorise any spells.
You didn't know any spells.
Your spell library was empty.

Dungeon Overview and Level Annotations

Branches:
Dungeon (1/15)

Altars:


Innate Abilities, Weirdness & Mutations

You cannot wear most types of armour.
You are amphibious.
You can wear up to eight rings at the same time.
Your skin changes colour to match your surroundings (Stealth+).
Your rubbery body absorbs attacks. (AC +1, EV +1)
((You are camouflaged near water. (Stealth+)))
You have tentacles for arms and can constrict up to eight enemies at once.


Message History

You closely miss the bat. Your grab misses the bat. The bat closely misses you.
You miss the bat. Your grab misses the bat. The bat barely misses you.
The bat hits you but does no damage.
You hit the bat. You grab the bat.
The bat is heavily wounded.
You constrict the bat.
You kill the bat!
The goblin shouts!
A quokka comes into view.
The hobgoblin shouts!
The frilled lizard barely misses you.
You barely miss the frilled lizard. You grab the frilled lizard.
You constrict the frilled lizard. The goblin hits you with a +0 club.
The frilled lizard barely misses you. The goblin misses you.
You hit the frilled lizard but do no damage.
The frilled lizard is moderately wounded.
You constrict the frilled lizard.
You kill the frilled lizard!
The goblin closely misses you.
You barely miss the goblin. Your grab misses the goblin.
The goblin closely misses you. The hobgoblin hits you.
You hit the goblin. You grab the goblin. You squeeze the goblin.
You kill the goblin!
The hobgoblin barely misses you.
You closely miss the quokka. Your grab misses the quokka.
The quokka barely misses you. The hobgoblin misses you. The quokka bites you.
You closely miss the quokka. Your grab misses the quokka.
The hobgoblin misses you. The quokka bites you.
The hobgoblin barely misses you.
You closely miss the quokka. Your grab misses the quokka.
Your squeeze misses the quokka. The quokka misses you.
The hobgoblin misses you.
The quokka bites you but does no damage.
You barely miss the quokka. Your grab misses the quokka.
The hobgoblin hits you but does no damage.
The quokka barely misses you.
You thump the quokka!
You kill the quokka!
The hobgoblin hits you.
You die...

............ ..
........#..# .#
........#..# .#
........#..# .#
........#..# ####.#
...........# #....####
###....)#..#####.##.....
.......@................
#.....g..#..≈.......§...
.........#.≈§≈....§§≈§..
..##.#...#..≈......§§...
. .$.....#......§§.§§..#
........#......≈§.§...#
####.###.#.....≈§§.....#
.. ..#.....<§......#
..........§§§...#


You could see a hobgoblin.

Vanquished Creatures
  A bat (D:1)
  A quokka (D:1)
  A frilled lizard (D:1)
  A goblin (D:1)
4 creatures vanquished.

Notes
Turn   | Place    | Note
-------+----------+-------------------------------------------
     0 | D:1      | cheechan the Octopode Gladiator began the quest for the
                  | Orb.
     0 | D:1      | Reached XP level 1. HP: 14/14 MP: 1/1
    40 | D:1      | Slain by a hobgoblin

Illustrated notes

Levels and vault maps discovered:
D:1:      minmay_arrival_five_plusses, layout_basic,
          hellmonk_ecumenical_altar_inner_sanctum, minmay_split_cup_small

Action                   || total
-------------------------++-------
Melee: Flail             ||    12
       Constrict         ||     3
       Tentacles         ||     1
Armor: Skin              ||     4
Dodge: Dodged            ||    16

Table legend: (Time is in decaauts)
 A = Elapsed time spent in this place.
 B = Non-inter-level travel time spent in this place.
 C = Inter-level travel time spent in this place.
 D = Time resting spent in this place.
 E = Time spent auto-exploring this place.
 F = Levels seen in this place.
 G = Mean time per level.
                   A        B        C        D        E       F      G
               +--------+--------+--------+--------+--------+-----+--------+
         Total |     43 |     43 |      0 |      0 |      0 |   1 |   43.0 |
       Dungeon |     43 |     43 |      0 |      0 |      0 |   1 |   43.0 |
               +--------+--------+--------+--------+--------+-----+--------+

Top non-repeatable levels by time:
     D:1: 43 daAuts
